Map: Nightshade LE

Players

urumikanzaki - Winner!

  • Race: Zerg Zerg
  • League: Silver
  • Spawn Location: 5:00

CadIOOO

  • Race: Terran Terran
  • League: Silver
  • Spawn Location: 11:00

VOD

Have the link to the VOD?

Description

Time

  • Played on: May 16, 2020, 4:11 a.m.
  • Length: 33:42
Show
View Real Time Build Order
Export as new Build Order

urumikanzaki Zerg - Winner!

Build Orders: Hatch First 

Get SALT Encoding   

  12  0:03  Drone  
  13  0:12  Overlord  
  13  0:16  Drone  
  14  0:31  Drone x2  
  16  0:52  Hatchery  
  15  0:58  Drone x2  
  15  1:01  Drone  
  18  1:14  Spawning Pool  
  18  1:17  Extractor  
  16  1:42  Drone  
  16  1:43  Drone x2  
  19  1:56  Overlord  
  19  2:05  Queen  
  19  2:07  Queen  
  23  2:12  Zergling x2  
  23  2:13  Zergling x2  
  25  2:29  Drone x4  
  29  2:34  Metabolic Boost  
  29  2:38  Drone  
  29  2:39  Overlord  
  30  2:52  Queen  
  30  2:54  Drone x2  
  34  3:25  Hatchery  
  33  3:31  Queen  
  33  3:33  Drone  
  36  3:35  Overlord x3  
  36  3:55  Drone x2  
  37  3:56  Drone x6  
  43  4:30  Drone  
  44  4:36  Evolution Chamber  
  44  4:38  Evolution Chamber  
  42  4:43  Drone  
  43  4:46  Drone x2  
  43  4:49  Queen  
  43  4:51  Drone x14  
  61  4:58  Overlord  
  61  5:23  Pneumatized Carapace  
  61  5:25  Lair  
  61  5:29  Extractor  
  61  5:31  Extractor  
  59  5:36  Drone  
  59  5:40  Drone x2  
  59  5:42  Drone x2  
  64  5:43  Drone x2  
  64  5:45  Overlord x3  
  56  6:44  Spawning Pool  
  55  6:48  Drone x3, Extractor  
  55  6:49  Drone x3  
  55  6:50  Extractor  
  55  7:30  Hatchery  
  55  7:36  Spore Crawler  
  53  7:37  Spore Crawler  
  53  7:39  Hatchery  
  51  7:45  Spore Crawler  
  51  7:49  Spore Crawler  
  49  7:55  Queen  
  51  7:59  Spore Crawler  
  48  8:34  Spire  
  47  9:03  Drone x4  
  47  9:05  Drone  
  47  9:07  Hatchery  
  51  9:37  Roach Warren  
  50  9:50  Corruptor x17  
  84  9:57  Drone  
  85  10:00  Drone x2  
  87  10:37  Hatchery  
  87  10:42  Hatchery  
  85  10:47  Hatchery  
  84  10:56  Hatchery  
  83  10:58  Drone  
  83  10:59  Drone x18  
  83  11:02  Overlord  
  102  11:04  Hatchery  
  101  11:15  Drone  
  101  11:16  Hatchery  
  101  11:32  Extractor  
  100  11:33  Overseer  
  100  11:35  Extractor  
  99  11:48  Zergling x2  
  99  11:49  Zergling x28  
  114  12:05  Drone x3  
  114  12:06  Drone  
  114  12:07  Drone x2  
  120  12:11  Drone x10  
  130  12:32  Roach x8  
  133  13:13  Roach x7  
  133  13:15  Overlord x3, Hatchery  
  133  13:16  Overlord  
  144  13:27  Drone x2  
  144  13:36  Corruptor  
  144  13:37  Corruptor x16  
  176  13:52  Infestation Pit  
  175  13:58  Overlord x3  
  175  13:59  Overlord  
  175  14:19  Roach x12  
  189  15:02  Extractor  
  189  15:06  Hive, Extractor  
  187  15:09  Zerg Flyer Weapons Level 1  
  187  15:22  Corruptor x4  
  187  15:23  Corruptor x2  
  199  15:38  Extractor  
  199  15:41  Extractor  
  197  15:45  Drone  
  197  15:46  Drone  
  197  15:47  Drone  
  200  16:01  Spire  
  199  16:06  Extractor  
  180  16:30  Zerg Missile Weapons Level 1  
  168  16:38  Drone x3  
  171  17:03  Zerg Flyer Armor Level 1  
  171  17:13  Greater Spire  
  168  17:31  Swarm Host, Roach  
  168  17:32  Roach x3  
  159  18:25  Zerg Ground Armor Level 1  
  157  18:29  Brood Lord x2  
  157  18:31  Brood Lord  
  163  18:34  Brood Lord  
  163  18:35  Brood Lord x11, Corruptor  
  163  18:36  Corruptor x3  
  195  18:56  Extractor  
  195  18:57  Zerg Flyer Weapons Level 2  
  195  18:58  Extractor  
  156  20:11  Corruptor  
  156  20:12  Corruptor x16  
  174  20:22  Corruptor x3  
  174  20:25  Overlord  
  180  20:33  Corruptor x2  
  178  20:56  Corruptor x6  
  186  21:06  Brood Lord  
  170  23:01  Corruptor  
  170  23:02  Corruptor x5  
  170  23:04  Overlord x3  
  180  26:35  Swarm Host  
  183  27:28  Mutalisk  
  183  27:29  Mutalisk x7  
  199  27:57  Extractor  
  198  29:49  Zergling x2  
  198  29:50  Zergling x2  
  200  29:58  Spine Crawler  
  199  30:00  Spine Crawler  
  199  30:01  Spine Crawler x3  
  199  30:02  Spine Crawler x3  
  199  30:03  Spine Crawler x5  
  199  30:04  Spine Crawler x2  
  185  30:13  Spine Crawler  
  184  30:14  Spine Crawler x4  
  184  30:15  Spine Crawler  
  184  30:16  Spine Crawler  
  184  30:18  Spine Crawler  
  184  30:20  Spine Crawler  
  176  30:21  Spine Crawler  
  176  30:22  Spine Crawler  
  176  30:23  Zergling x2  
  176  30:24  Zergling x50  
  176  30:26  Spine Crawler  
  176  30:27  Spine Crawler  
  198  30:28  Spine Crawler  
Show
View Real Time Build Order
Export as new Build Order

CadIOOO Terran 

Build Orders:  

Get SALT Encoding   

  12  0:02  SCV  
  13  0:14  SCV  
  14  0:25  Supply Depot  
  14  0:30  Supply Depot  
  14  0:31  SCV  
  15  0:41  Refinery  
  15  0:54  Barracks  
  15  1:07  SCV  
  16  1:19  SCV  
  17  1:26  Refinery  
  17  1:31  SCV  
  18  1:43  SCV  
  19  1:50  Factory, Marine  
  20  1:55  SCV  
  21  2:07  SCV  
  21  2:08  Marine  
  23  2:19  SCV  
  24  2:26  Reaper  
  25  2:36  Factory Tech Lab  
  25  2:47  Starport  
  25  2:58  Reaper, Siege Tank  
  29  3:29  SCV  
  29  3:31  Command Center  
  30  3:41  Marine  
  30  3:48  Starport Tech Lab  
  31  3:50  Fusion Core  
  31  3:54  Engineering Bay  
  31  3:57  Orbital Command  
  31  4:11  Marine  
  30  4:20  Supply Depot  
  30  4:29  Marine  
  31  4:43  Supply Depot  
  31  4:44  Battlecruiser  
  37  4:47  Marine  
  38  5:02  Refinery  
  38  5:04  Marine  
  39  5:12  Bunker  
  39  5:22  Marine  
  39  5:23  Siege Tank  
  43  5:32  Planetary Fortress  
  43  5:40  Marine  
  44  5:42  Bunker  
  44  5:54  Barracks  
  44  5:58  Marine  
  45  6:16  Marine  
  46  6:44  Command Center  
  46  7:01  SCV  
  47  7:13  SCV  
  48  7:21  Supply Depot  
  48  7:25  SCV  
  49  7:33  Supply Depot  
  49  7:37  SCV  
  50  7:44  Supply Depot  
  50  7:47  Barracks Tech Lab  
  50  7:48  Viking  
  50  7:49  SCV, Starport  
  50  7:51  Barracks Reactor  
  53  7:59  Supply Depot  
  53  8:18  Viking  
  55  8:22  Supply Depot  
  55  8:48  Viking  
  51  8:58  Bunker  
  51  9:07  Missile Turret  
  51  9:11  SCV  
  52  9:18  Viking  
  52  9:22  Starport Reactor  
  52  9:23  SCV  
  55  9:26  Starport  
  55  9:27  Missile Turret, Marine x2  
  57  9:35  SCV  
  57  9:36  Missile Turret  
  58  9:45  Marine x2  
  58  9:48  Viking, SCV  
  63  10:00  SCV, Sensor Tower  
  63  10:03  Marine x2  
  63  10:05  Combat Shield  
  66  10:08  Bunker, Marauder  
  66  10:13  Siege Tank  
  71  10:21  Armory, Marine x2  
  72  10:22  Starport Reactor  
  73  10:28  Missile Turret  
  73  10:29  Marauder  
  75  10:48  Supply Depot  
  75  10:49  Missile Turret  
  75  10:51  Marauder  
  77  11:03  Bunker  
  77  11:09  Armory  
  77  11:11  Supply Depot  
  77  11:12  Terran Infantry Weapons Level 1, Marauder  
  77  11:15  Terran Vehicle And Ship Armor Level 1  
  79  11:18  Viking x2  
  79  11:24  Concussive Shells  
  83  11:31  Planetary Fortress  
  83  11:34  Marauder  
  83  11:35  Missile Turret  
  85  11:49  Supply Depot  
  85  12:02  Missile Turret  
  85  12:12  Supply Depot  
  85  12:22  SCV  
  86  12:34  SCV  
  86  12:35  Supply Depot  
  87  12:38  Missile Turret  
  87  12:46  SCV  
  88  12:59  Bunker, SCV  
  89  13:11  SCV  
  90  13:45  Refinery  
  90  14:19  Viking x5  
  90  14:22  Terran Ship Weapons Level 1  
  90  14:24  Terran Vehicle And Ship Armor Level 2  
  100  14:32  Missile Turret  
  92  14:49  Viking x5  
  96  14:54  Missile Turret  
  96  15:05  Bunker  
  96  15:13  Bunker  
  96  15:15  Missile Turret  
  96  15:30  Viking x5  
  106  15:49  Missile Turret  
  105  16:00  Viking x5  
  114  16:30  Viking x2  
  117  16:37  Bunker  
  117  17:11  Command Center  
  117  17:18  Refinery  
  95  17:39  Viking  
  95  17:40  Viking x4  
  87  17:59  Missile Turret  
  87  18:00  Missile Turret  
  87  18:01  Missile Turret  
  87  18:04  Marine  
  88  18:09  Viking  
  88  18:10  Viking  
  92  18:21  Missile Turret  
  92  18:22  Marine  
  92  18:24  Planetary Fortress  
  93  18:36  Missile Turret  
  93  18:40  Marine  
  94  18:53  Barracks  
  94  18:58  Marine  
  95  19:08  Viking x4  
  95  19:09  Viking  
  94  19:42  Barracks  
  87  19:46  Command Center  
  53  20:24  Viking x5  
  44  20:54  Viking  
  19  21:30  Barracks Reactor  
  19  21:32  Barracks Reactor  
  17  21:34  Orbital Command  
  11  23:36  SCV  
  12  23:48  SCV  
  13  24:00  SCV  
  6  24:12  SCV  
  7  24:24  SCV  
  8  24:47  Supply Depot  
  8  25:25  Marine x2  
  8  25:43  Marine x2  
  10  26:01  Supply Depot  
  9  27:16  Supply Depot  
Tags
 
Add a new tag
Caveats
  • Supply blocks, unpowered buildings, or Contaminate may cause inaccurate times.
  • Supply counts are checked every 10 seconds.